 Dungeon Crawl Stone Soup version 0.22.0-49-gab54619 (webtiles) character file.

7200 Kagorn the Fighter (level 11, -5/71 HPs)
             Began as a Gargoyle Berserker on Sept 6, 2018.
             Was an Elder of Trog.
             Slain by Snorg (7 damage)
             ... on level 1 of the Orcish Mines on Sept 7, 2018.
             The game lasted 00:54:24 (7022 turns).

Kagorn the Fighter (Gargoyle Berserker)             Turns: 7022, Time: 00:54:25

Health: -5/71      AC: 18    Str: 23    XL:     11   Next: 11%
Magic:  11/11      EV: 13    Int:  8    God:    Trog [****..]
Gold:   592        SH:  5    Dex: 10    Spells: 10/10 levels left

rFire    . . .     SeeInvis .   l - +4 scimitar (flame)
rCold    . . .     Gourm    .   r - +0 buckler
rNeg     + . .     Faith    .   Q - +0 troll leather armour
rPois    ∞         Spirit   .   (no helmet)
rElec    +         Reflect  .   K - +2 cloak {MR+}
rCorr    +         Harm     .   (no gloves)
MR       +++..                  e - +0 pair of boots
Stlth    +++.......             q - amulet of regeneration
HPRegen  2.01/turn              h - ring of resist corrosion
MPRegen  0.12/turn              s - +1 ring of slaying

@: regenerating
A: negative energy resistance 1, electricity resistance, unbreathing,
petrification resistance, rot immunity, AC +8
a: Berserk, Trog's Hand, Brothers in Arms, Renounce Religion


You were on level 1 of the Orcish Mines.
You worshipped Trog.
Trog was greatly pleased with you.
You were hungry.

You visited 3 branches of the dungeon, and saw 11 of its levels.

You collected 592 gold pieces.

Inventory:

Hand Weapons
 l - a +4 scimitar of flaming (weapon)
 m - a +1 dagger of electrocution
 y - a +0 quarterstaff of speed
 D - a +3 spear
 G - a +4 dire flail
 M - the +5 arbalest of the Poles {venom, rElec rPois Str-5 Stlth+, unknown}
   (You found it on level 8 of the Dungeon)

   It poisons the ammo it fires.
   It affects your strength (-5).
   It insulates you from electricity.
   It protects you from poison.
   It makes you more stealthy.
 R - a +5 scimitar
Missiles
 f - 299 stones (quivered)
Armour
 e - a +0 pair of boots (worn)
 o - a +0 plate armour
 p - a +0 ring mail of magic resistance
 r - a +0 buckler (worn)
 z - the +0 leather armour of the Ego {SInv Stlth+}
   (You found it on level 7 of the Dungeon)

   It lets you see invisible.
   It makes you more stealthy.
 K - a +2 cloak of magic resistance (worn)
 Q - a +0 troll leather armour (worn)
Magical Staves
 A - an uncursed staff of power
Jewellery
 h - a ring of resist corrosion (left hand)
 q - an amulet of regeneration (around neck)
 s - a +1 ring of slaying (right hand)
 t - an uncursed amulet of the acrobat
 B - an uncursed ring of protection from magic
 C - an uncursed ring of magical power {unknown}
 F - an uncursed ring of magical power {unknown}
 O - an uncursed ring of fire
Wands
 g - a wand of iceblast (9)
 P - a wand of random effects (33)
Scrolls
 a - a scroll of enchant armour {unknown}
 b - 3 scrolls of fear
 d - 3 scrolls of remove curse
 j - 5 scrolls of teleportation
 k - 2 scrolls of amnesia {unknown}
 n - a scroll of random uselessness {unknown}
 x - a scroll of fog
 L - a scroll of identify
 N - a scroll of enchant weapon
Potions
 i - 5 potions of curing
 u - a potion of cancellation {unknown}
 v - 2 potions of ambrosia {unknown}
 w - a potion of flight {unknown}
 E - a potion of haste {unknown}
 H - 2 potions of invisibility {unknown}
 I - a potion of berserk rage {unknown}
 J - a potion of mutation {unknown}
Comestibles
 c - 15 rations


   Skills:
 * Level 9.1 Fighting
 - Level 4.9(6.1) Short Blades
 * Level 5.4(6.3) Long Blades
 * Level 8.6 Armour
 + Level 4.6 Dodging
 + Level 6.2 Stealth
 * Level 7.6 Shields


You had 10 spell levels left.
You didn't know any spells.
Your spell library contained the following spells:

 Spells                   Type           Power        Failure   Level  Hunger
 Corona                   Hex            #......      43%         1    ##.....
 Magic Dart               Conj           #...         43%         1    ##.....
 Sting                    Conj/Pois      #...         43%         1    ##.....
 Blink                    Tloc           N/A          58%         2    ###....
 Call Imp                 Summ           #.......     58%         2    ###....
 Corpse Rot               Necr           N/A          58%         2    ###....
 Ensorcelled Hibernation  Hex/Ice        #.....       58%         2    ###....
 Poisonous Vapours        Pois/Air       #.....       58%         2    ###....
 Slow                     Hex            #.......     58%         2    ###....
 Throw Frost              Conj/Ice       #.....       58%         2    ###....
 Confuse                  Hex            #.......     82%         3    ####...
 Conjure Flame            Conj/Fire      #.......     82%         3    ####...
 Dazzling Spray           Conj/Hex       #.....       82%         3    ####...
 Mephitic Cloud           Conj/Pois/Air  #.......     82%         3    ####...
 Tukima's Dance           Hex            #.......     82%         3    ####...
 Olgreb's Toxic Radiance  Pois           #.......     99%         4    #####..
 Bolt of Magma            Conj/Fire/Erth #.........   100%        5    ######.
 Iskenderun's Battlesphe  Conj/Chrm      #.......     100%        5    ######.
 Venom Bolt               Conj/Pois      #.........   100%        5    ######.
 Iron Shot                Conj/Erth      #.........   100%        6    #######
 Orb of Destruction       Conj           #.........   100%        7    #######
 Spellforged Servitor     Conj/Summ      #.........   100%        7    #######


Dungeon Overview and Level Annotations

Branches:
Dungeon (9/15)             Temple (1/1) D:4            Lair (0/6) D:9
    Orc (1/2) D:9

Altars:
Ashenzari
Cheibriados
Dithmenos
Elyvilon
Fedhas
Gozag
Hepliaklqana
Kikubaaqudgha
Makhleb
Nemelex Xobeh
Okawaru
Qazlal
Ru
Sif Muna
Trog
Uskayaw
Vehumet
Wu Jian
Xom
Yredelemnul
Zin
The Shining One

Annotations:
Orc:1 Snorg


Innate Abilities, Weirdness & Mutations

You are resistant to torment.
Your stone body is resilient. (AC +8)
You are immune to poison.
You resist negative energy. (rN+)
You are resistant to electric shocks. (rElec)
You can survive without breathing.
You are immune to petrification.
You are immune to rotting.


Message History

Snorg claws you! Something hits you but does no damage.
The orc warrior throws a tomahawk.
You slash Snorg! You burn Snorg.
Snorg is lightly wounded.
Snorg closely misses you. You block Snorg's attack. x2
The orc wizard points at you and mumbles some strange words.
The puff of flame hits you! You block Snorg's attack.
Snorg claws you but does no damage. Snorg claws you!
* * * LOW HITPOINT WARNING * * *
Something hits you but does no damage.
Your skin crawls.
You feel resistant to hostile enchantments.
You are feeling hungry.
Snorg completely misses you.
You riposte.
You barely miss Snorg.
Snorg is lightly wounded.
Snorg barely misses you. You block Snorg's attack.
You block the orc wizard's attack. Snorg bites you!
* * * LOW HITPOINT WARNING * * *
Snorg claws you!
You die...

...##.).#.#.##......#
.............##.##.##
..........#.##...#.###
..........#####......##
#.........# ##......#
...........# ##......##
........#.## #...#####
......#####..##...# #
....... #.....(@.# ..#
......# ##....oT##.....
#.....o.o......
#....#..O......#
.$....#.........#
.≈...............
≈................
≈≈.≈.............
≈≈...........#.


You could see Snorg (berserk), an orc warrior, an ogre, an orc wizard and an
orc.

Vanquished Creatures
  A hydra (D:9)
  Erica (D:8)
  The ghost of leisz the Fighter, a novice MiFi of Zin (D:9)
  An orc sorcerer (Orc:1)
  Maurice (D:8)
  A troll (Orc:1)
  A hippogriff (D:9)
  A wyvern (D:8)
  A water moccasin (D:8)
  2 hornet zombies (D:9)
  3 orc warriors
  5 ice beasts
  A black bear (D:9)
  A sky beast (D:7)
  6 ogres
  A phantom (D:8)
  3 centaurs
  2 bullfrogs (D:9)
  A scorpion (D:4)
  8 killer bees
  9 wights
  A howler monkey (D:9)
  4 crimson imps
  3 hounds
  2 jellies
  3 orc priests
  3 bullfrog skeletons
  2 iguanas (D:8)
  An orc wizard (D:7)
  8 worker ants
  A bullfrog simulacrum (D:9)
  A hound skeleton (D:5)
  A howler monkey skeleton (D:9)
  11 adders
  A shadow imp (D:6)
  2 white imps (D:9)
  4 adder skeletons
  2 dart slugs
  2 leopard geckos
  13 orcs
  3 giant cockroaches
  8 goblins
  4 hobgoblins
  10 jackals
  2 quokkas
  A ball python (D:3)
  5 bats
  7 frilled lizards
  8 kobolds
  A leopard gecko skeleton (D:4)
  A quokka skeleton (D:6)
  5 rats (D:2)
171 creatures vanquished.

Notes
Turn   | Place    | Note
-------+----------+-------------------------------------------
     0 | D:1      | Kagorn the Gargoyle Berserker began the quest for the Orb.
     0 | D:1      | Reached XP level 1. HP: 14/14 MP: 1/1
   288 | D:1      | Reached XP level 2. HP: 14/19 MP: 2/2
   819 | D:2      | Reached XP level 3. HP: 22/23 MP: 3/3
   832 | D:2      | Reached skill level 1 in Stealth
  1115 | D:2      | Reached XP level 4. HP: 22/29 MP: 4/4
  1125 | D:2      | Reached ** piety under Trog
  1514 | D:3      | Reached skill level 4 in Fighting
  1712 | D:3      | Reached XP level 5. HP: 33/33 MP: 5/5
  1861 | D:3      | Noticed an ice beast
  1898 | D:3      | Killed an ice beast
  1898 | D:3      | Reached XP level 6. HP: 31/39 MP: 6/6
  2067 | D:4      | Found a staircase to the Ecumenical Temple.
  2098 | Temple   | Entered the Ecumenical Temple
  2279 | D:4      | Reached skill level 1 in Shields
  2306 | D:4      | Reached skill level 1 in Short Blades
  2349 | D:4      | Found an opulent altar of Gozag.
  2426 | D:4      | Reached skill level 5 in Fighting
  2426 | D:4      | Reached XP level 7. HP: 38/44 MP: 7/7
  2440 | D:4      | Got a transparent ring mail
  2441 | D:4      | Identified the cursed +0 ring mail of the Depths {Int+2}
                  | (You found it on level 4 of the Dungeon)
  2998 | D:5      | Entered Level 5 of the Dungeon
  3110 | D:5      | Reached *** piety under Trog
  3819 | D:6      | Found a hazy altar of Hepliaklqana.
  3982 | D:6      | Reached XP level 8. HP: 47/50 MP: 8/8
  4008 | D:6      | Reached skill level 5 in Armour
  4419 | D:7      | Reached skill level 6 in Fighting
  4770 | D:7      | Got a fine leather armour
  4902 | D:7      | Reached XP level 9. HP: 56/56 MP: 9/9
  5377 | D:8      | Identified Easy Magic
  5426 | D:8      | Noticed Maurice
  5447 | D:8      | Killed Maurice
  5447 | D:8      | Reached skill level 7 in Fighting
  5447 | D:8      | Reached skill level 5 in Shields
  5457 | D:8      | Identified the cursed +0 leather armour of the Ego {SInv
                  | Stlth+} (You found it on level 7 of the Dungeon)
  5661 | D:8      | Noticed Erica
  5682 | D:8      | Killed Erica
  5682 | D:8      | Reached **** piety under Trog
  5682 | D:8      | Reached skill level 5 in Stealth
  5682 | D:8      | Reached XP level 10. HP: 41/64 MP: 10/10
  5737 | D:8      | Got a slimy arbalest
  5929 | D:9      | Noticed a five-headed hydra
  5946 | D:9      | Killed a one-headed hydra
  5946 | D:9      | Reached skill level 8 in Fighting
  5972 | D:9      | Found a staircase to the Orcish Mines.
  6088 | D:9      | Found a runed gate.
  6089 | D:9      | Found a runed gate.
  6090 | D:9      | Found a runed gate.
  6108 | D:9      | Noticed leisz's ghost (novice MiFi)
  6169 | D:9      | Killed leisz's ghost
  6172 | D:9      | Found a staircase to the Lair.
  6339 | D:9      | Reached skill level 5 in Long Blades
  6905 | Orc:1    | Entered Level 1 of the Orcish Mines
  6927 | Orc:1    | Noticed an orc sorcerer
  6931 | Orc:1    | Killed an orc sorcerer
  6931 | Orc:1    | Reached skill level 9 in Fighting
  6931 | Orc:1    | Reached XP level 11. HP: 71/71 MP: 11/11
  7008 | Orc:1    | Noticed Snorg
  7022 | Orc:1    | HP: 2/71 [Snorg (17)]
  7022 | Orc:1    | Slain by Snorg

Skill      XL: |  1  2  3  4  5  6  7  8  9 10 |
---------------+-------------------------------+-----
Long Blades    | 3 5 |  5.4
Stealth        | 1 2 3 4 5 6 |  6.2
Armour         | 3 4 6 7 8 |  8.6
Fighting       | 4 5 6 7 9 |  9.1
Dodging        | 2 3 4 |  4.6
Shields        | 1 2 4 5 7 |  7.6
Short Blades   | 1 2 3 4 |  4.9

Action                   |  1- 3 |  4- 6 |  7- 9 | 10-12 || total
-------------------------+-------+-------+-------+-------++-------
Melee: Falchion          |    92 |   128 |       |       ||   220
       Dagger            |       |    21 |   341 |       ||   362
       Scimitar          |       |       |       |   138 ||   138
Invok: Berserk           |       |     1 |     1 |     2 ||     4
       Trog's Hand       |       |       |     2 |     3 ||     5
  Use: Scroll            |       |     8 |    11 |     2 ||    21
       Potion            |       |       |     5 |       ||     5
 Stab: Sleeping          |       |       |     3 |     3 ||     6
  Eat: Chunk             |       |     2 |     3 |       ||     5
       Ration            |       |     1 |     3 |     2 ||     6
Armor: Animal skin       |     9 |       |       |       ||     9
       Leather armour    |    37 |    29 |     2 |    68 ||   136
       Plate armour      |       |    77 |       |       ||    77
       Ring mail         |       |     2 |   109 |       ||   111
       Troll leather arm |       |       |       |     8 ||     8
Dodge: Dodged            |    75 |    70 |   180 |    97 ||   422
Block: Buckler           |       |       |    68 |    37 ||   105
       Rpst.: Falchion   |    26 |    22 |       |       ||    48
       Scimitar          |       |       |       |    25 ||    25
